 Dungeon Crawl Stone Soup version 0.29-a0-298-g3c90f9a769 (webtiles) character file.

Game seed: 16190285380407830889

1072 Ajdolov the Covert (level 8, -6/67 HPs)
             Began as a Gnoll Delver on Mar 23, 2022.
             Mangled by an ogre
             ... wielding a +0 giant club
              (28 damage)
             ... on level 5 of the Dungeon.
             The game lasted 00:08:55 (5585 turns).

Ajdolov the Covert (Gnoll Delver)                   Turns: 5585, Time: 00:08:55

Health: -6/67      AC: 14    Str: 13    XL:     8   Next: 28%
Magic:  12/12      EV: 11    Int: 10    God:
Gold:   209        SH:  0    Dex: 14    Spells: 13/13 levels left

rFire   + . .      SeeInvis .   a - +0 mace
rCold   . . .      Faith    .   (no shield)
rNeg    . . .      Spirit   .   b - +0 scale mail
rPois   .          Reflect  .   q - +0 helmet
rElec   .          Harm     .   j - +1 cloak
rCorr   .          Rampage  .   (no gloves)
Will    .....                   (no boots)
Stlth   +++.......              (no amulet)
HPRegen 0.21/turn               u - ring of protection from fire
MPRegen 0.13/turn               r - +4 ring of protection

@: studying Transmutations
A: fangs 1, strong nose, distributed training
a: no special abilities


You were on level 5 of the Dungeon.
You visited 1 branch of the dungeon, and saw 5 of its levels.

You collected 209 gold pieces.

Inventory:

Hand Weapons
 a - a +0 mace (weapon)
Missiles
 k - a throwing net
 n - 7 poisoned darts (quivered)
 v - 2 atropa-tipped darts
Armour
 b - a +0 scale mail (worn)
 j - a +1 cloak (worn)
 q - a +0 helmet (worn)
Jewellery
 i - a ring of see invisible
 m - a +4 ring of evasion
 r - a +4 ring of protection (right hand)
 u - a ring of protection from fire (left hand)
Wands
 f - a wand of flame (3)
 g - a wand of digging (3)
 h - a wand of iceblast (4)
Scrolls
 c - 3 scrolls of fog
 d - a scroll of magic mapping
 e - a scroll of fear
 l - a scroll of vulnerability {unknown}
 o - 2 scrolls of enchant weapon {unknown}
 p - 2 scrolls of identify {unknown}
Potions
 t - a potion of heal wounds {unknown}
 w - a potion of mutation {unknown}


   Skills:
 + Level 7.3 Fighting
 + Level 3.1 Short Blades
 + Level 3.1 Long Blades
 + Level 3.1 Axes
 + Level 5.6 Maces & Flails
 + Level 3.1 Polearms
 + Level 3.1 Staves
 + Level 3.1 Slings
 + Level 3.1 Bows
 + Level 3.1 Crossbows
 + Level 3.1 Throwing
 + Level 3.1 Armour
 + Level 5.6 Dodging
 + Level 10.1 Stealth
 + Level 3.1 Shields
 + Level 3.1 Unarmed Combat
 + Level 3.1 Spellcasting
 + Level 2.5 Conjurations
 + Level 2.5 Hexes
 + Level 2.5 Summonings
 + Level 2.5 Necromancy
 + Level 2.5 Translocations
 + Level 3.0 Transmutations
 + Level 2.5 Fire Magic
 + Level 2.5 Ice Magic
 + Level 2.5 Air Magic
 + Level 2.5 Earth Magic
 + Level 2.5 Poison Magic
 + Level 3.4 Invocations
 + Level 3.1 Evocations


You had 13 spell levels left.
You didn't know any spells.
Your spell library contained the following spells:

 Spells                   Type           Power      Damage    Failure   Level
 Corpse Rot               Necr/Air       12%        N/A       54%         2
 Poisonous Vapours        Pois/Air       12%        N/A       54%         2
 Ignite Poison            Fire/Tmut/Pois 7%         N/A       77%         3
 Mephitic Cloud           Conj/Pois/Air  6%         N/A       78%         3
 Passage of Golubria      Tloc           6%         N/A       99%         4
 Freezing Cloud           Conj/Ice/Air   3%         6-21      100%        5
 Silence                  Hex/Air        3%         N/A       100%        5
 Lehudib's Crystal Spear  Conj/Erth      3%         10d2      100%        8


Dungeon Overview and Level Annotations

Branches:
Dungeon (5/15)
 Temple: D:4-7

Altars:

Shops:
D:1 :


Innate Abilities, Weirdness & Mutations

You have very sharp teeth.
Your uncanny sense of smell can sniff out nearby items.
Your experience applies equally to all skills.


Message History

The ogre looks more healthy.
The ogre misses you.
You catch the helpless ogre completely off-guard!
You hit the ogre.
The ogre is moderately wounded.
The ogre closely misses you.
You hit the ogre.
The ogre is heavily wounded.
The ogre seems less confused.
You hit the ogre but do no damage.
The ogre is heavily wounded.
The ogre barely misses you.
You barely miss the ogre.
The ogre is heavily wounded.
The ogre barely misses you.
You catch the helpless ogre completely off-guard!
You hit the ogre.
The ogre is heavily wounded.
The ogre is no longer blind.
The ogre hits you with a +0 giant club.
You completely miss the ogre.
The ogre is heavily wounded.
You thump the ogre!
The ogre is almost dead.
The ogre hits you with a +0 giant club.
Okay, then.
Throw: 4 darts (atropa)
Press: ? - help, Shift-Dir - straight line, f/p - ogre
Aim: an ogre, wielding a +0 giant club (almost dead, 77% to hit, chance to blind on hit: 75%)
You throw an atropa-tipped dart. The atropa-tipped dart hits the ogre!
The ogre resists.
The ogre is almost dead.
The ogre hits you with a +0 giant club!
Throw: 3 darts (atropa)
Press: ? - help, Shift-Dir - straight line, f/p - ogre
Aim: an ogre, wielding a +0 giant club (almost dead, 77% to hit, chance to blind on hit: 77%)
You throw an atropa-tipped dart. The atropa-tipped dart hits the ogre.
The ogre resists.
The ogre is almost dead.
The ogre attacks as you move away!
The ogre hits you with a +0 giant club!!
You die...

....#...........................
.....>.<.##.....................
##..........................#...
#..........................##...
##..........####........##......
#####.##...##.##.÷...#.#.......
## ##.......)##..#.........
#....##......#.#.....?.
###...@O.#.#..##.......
#....#................
....#.....#.(.(.....(...
....#####.##.###....)... .....
................ .....
∆.................
............##..##
.................##
...............)...#


You could see an ogre.

Vanquished Creatures
  A steam dragon (D:4)
  A water moccasin (D:5)
  An ice beast (D:3)
  An ogre (D:5)
  A centaur (D:5)
  A phantom (D:5)
  A bullfrog (D:4)
  A scorpion (D:4)
  A jelly (D:5)
  2 orc priests (D:3)
  Ijyb (D:4)
  2 iguanas
  2 orc wizards (D:3)
  Robin (D:4)
  3 adders
  5 worms
  A dart slug (D:4)
  7 orcs
  6 ball pythons
  7 endoplasms
  8 giant cockroaches
  12 hobgoblins
  4 jackals (D:4)
  8 kobolds
  3 quokkas
  A bat (D:2)
  4 frilled lizards
  14 goblins
  4 rats
104 creatures vanquished.

Notes
Turn   | Place    | Note
-------+----------+-------------------------------------------
     0 | D:5      | Reached skill level 9 in Stealth
     0 | D:5      | Ajdolov the Gnoll Delver began the quest for the Orb.
     0 | D:5      | Reached XP level 1. HP: 23/23 MP: 1/1
    19 | D:5      | Reached XP level 2. HP: 21/29 MP: 2/2
    23 | D:5      | Noticed a phantom
   141 | D:4      | Noticed Robin
   357 | D:3      | Reached XP level 3. HP: 27/35 MP: 3/3
   506 | D:3      | Found a faded altar of an unknown god.
   524 | D:3      | Reached skill level 1 in Short Blades
   524 | D:3      | Reached skill level 1 in Long Blades
   524 | D:3      | Reached skill level 1 in Axes
   524 | D:3      | Reached skill level 1 in Polearms
   524 | D:3      | Reached skill level 1 in Staves
   524 | D:3      | Reached skill level 1 in Slings
   524 | D:3      | Reached skill level 1 in Bows
   524 | D:3      | Reached skill level 1 in Crossbows
   524 | D:3      | Reached skill level 1 in Throwing
   524 | D:3      | Reached skill level 1 in Armour
   524 | D:3      | Reached skill level 1 in Shields
   524 | D:3      | Reached skill level 1 in Unarmed Combat
   524 | D:3      | Reached skill level 1 in Spellcasting
   524 | D:3      | Reached skill level 1 in Invocations
   524 | D:3      | Reached skill level 1 in Evocations
  1022 | D:3      | Noticed an ice beast
  1456 | D:3      | Reached XP level 4. HP: 41/41 MP: 5/5
  2020 | D:1      | Reached skill level 1 in Conjurations
  2020 | D:1      | Reached skill level 1 in Hexes
  2020 | D:1      | Reached skill level 1 in Summonings
  2020 | D:1      | Reached skill level 1 in Necromancy
  2020 | D:1      | Reached skill level 1 in Translocations
  2020 | D:1      | Reached skill level 1 in Transmutations
  2020 | D:1      | Reached skill level 1 in Fire Magic
  2020 | D:1      | Reached skill level 1 in Ice Magic
  2020 | D:1      | Reached skill level 1 in Air Magic
  2020 | D:1      | Reached skill level 1 in Earth Magic
  2020 | D:1      | Reached skill level 1 in Poison Magic
  2153 | D:1      | You fall into a shaft and drop 1 floor!
  2180 | D:1      | Found Erutob's Book Emporium.
  3011 | D:3      | Reached XP level 5. HP: 47/47 MP: 6/6
  3447 | D:3      | Killed an ice beast
  3448 | D:3      | Reached skill level 5 in Maces & Flails
  3448 | D:3      | Reached skill level 5 in Dodging
  3448 | D:3      | Reached XP level 6. HP: 29/53 MP: 8/8
  3901 | D:4      | Noticed Ijyb
  4094 | D:4      | Killed Ijyb
  4321 | D:4      | Noticed a steam dragon
  4337 | D:4      | Killed a steam dragon
  4338 | D:4      | Reached XP level 7. HP: 50/60 MP: 10/10
  5012 | D:4      | Killed Robin
  5199 | D:5      | Reached skill level 10 in Stealth
  5402 | D:5      | Reached XP level 8. HP: 55/67 MP: 12/12
  5585 | D:5      | Mangled by an ogre

Illustrated notes

Levels and vault maps discovered:
D:1:      dpeg_arrival_stone_temple_mockup, layout_loops_ring, serial_shops,
          shop_fountains
D:2:      layout_loops_cross
D:3:      layout_basic, hellmonk_ecumenical_altar_arch_garden
D:4:      layout_loops_corners, minmay_fountain_box, minmay_manual_mess,
          uniq_robin, uniq_ijyb
D:5:      layout_cave_pools, serial_shops, nicolae_shop_behind_doors,
          uniq_grinder

Skill      XL: |  1  2  3  4  5  6  7  8 |
---------------+-------------------------+-----
Stealth        | 10 | 10.1
Short Blades   | 1 2 3 |  3.1
Long Blades    | 1 2 3 |  3.1
Axes           | 1 2 3 |  3.1
Polearms       | 1 2 3 |  3.1
Staves         | 1 2 3 |  3.1
Slings         | 1 2 3 |  3.1
Bows           | 1 2 3 |  3.1
Crossbows      | 1 2 3 |  3.1
Throwing       | 1 2 3 |  3.1
Armour         | 1 2 3 |  3.1
Shields        | 1 2 3 |  3.1
Unarmed Combat | 1 2 3 |  3.1
Spellcasting   | 1 2 3 |  3.1
Invocations    | 1 2 3 |  3.4
Evocations     | 1 2 3 |  3.1
Conjurations   | 1 2 |  2.5
Hexes          | 1 2 |  2.5
Summonings     | 1 2 |  2.5
Necromancy     | 1 2 |  2.5
Translocations | 1 2 |  2.5
Transmutations | 1 2 3 |  3.0
Fire Magic     | 1 2 |  2.5
Ice Magic      | 1 2 |  2.5
Air Magic      | 1 2 |  2.5
Earth Magic    | 1 2 |  2.5
Poison Magic   | 1 2 |  2.5
Maces & Flails | 5 |  5.6
Dodging        | 5 |  5.6
Fighting       | 7 |  7.3

Action                   |  1- 3 |  4- 6 |  7- 9 || total
-------------------------+-------+-------+-------++-------
Melee: Mace              |    63 |   266 |   121 ||   450
       Bite              |     4 |    28 |    19 ||    51
       Punch             |     1 |     4 |     1 ||     6
Throw: Throwing net      |       |     1 |       ||     1
       Dart              |       |       |     6 ||     6
Evoke: Wand              |       |       |    10 ||    10
  Use: Potion            |       |     2 |     2 ||     4
 Stab: Sleeping          |     3 |    16 |       ||    19
       Invisible         |       |       |     2 ||     2
Armor: Leather armour    |    15 |    46 |       ||    61
       Ring mail         |       |    26 |       ||    26
       Scale mail        |       |    20 |    65 ||    85
       Skin              |       |       |     8 ||     8
Dodge: Dodged            |    49 |   162 |    77 ||   288

Table legend: (Time is in decaauts)
 A = Elapsed time spent in this place.
 B = Non-inter-level travel time spent in this place.
 C = Inter-level travel time spent in this place.
 D = Time resting spent in this place.
 E = Time spent auto-exploring this place.
 F = Levels seen in this place.
 G = Mean time per level.
                   A        B        C        D        E       F      G
               +--------+--------+--------+--------+--------+-----+--------+
         Total |   5647 |   5511 |    136 |   1262 |   2855 |   5 | 1129.4 |
       Dungeon |   5647 |   5511 |    136 |   1262 |   2855 |   5 | 1129.4 |
               +--------+--------+--------+--------+--------+-----+--------+

Top non-repeatable levels by time:
     D:4: 1995 daAuts
     D:3: 1774 daAuts
     D:2: 912 daAuts
     D:1: 644 daAuts
     D:5: 321 daAuts
